Map: Blueshift LE

Players

Jordie

  • Race: Terran Terran
  • League: Diamond
  • Spawn Location: 7:00

woof - Winner!

  • Race: Zerg Zerg
  • League: Diamond
  • Spawn Location: 1:00

VOD

Have the link to the VOD?

Description

Time

  • Played on: Oct. 4, 2018, 4:53 a.m.
  • Length: 5:33
Show
View Real Time Build Order
Export as new Build Order

Jordie Terran 

Build Orders:  

Get SALT Encoding   

  12  0:01  SCV  
  14  0:14  SCV  
  14  0:17  Supply Depot  
  14  0:26  SCV  
  15  0:39  SCV  
  15  0:40  Barracks  
  16  0:46  Refinery  
  16  0:51  SCV  
  17  1:04  SCV  
  18  1:16  SCV  
  19  1:28  SCV  
  19  1:30  Reaper  
  21  1:48  Command Center  
  21  1:55  Orbital Command  
  21  2:05  Barracks Reactor  
  21  2:16  Supply Depot  
  21  2:22  Bunker  
  21  2:23  SCV  
  22  2:32  Refinery  
  22  2:34  Factory  
  21  2:49  Marine  
  21  2:50  Marine  
  16  3:14  Marine  
  16  3:15  Marine  
  11  3:22  Cyclone  
  10  4:12  SCV  
Show
View Real Time Build Order
Export as new Build Order

woof Zerg - Winner!

Build Orders: Pool First 

Get SALT Encoding   

  12  0:01  Drone  
  13  0:16  Overlord  
  13  0:18  Drone  
  14  0:36  Drone  
  14  0:39  Spawning Pool  
  14  0:50  Drone x3  
  17  1:06  Drone  
  18  1:23  Hatchery  
  17  1:40  Hatchery  
  17  1:45  Zergling x4  
  18  1:48  Zergling x2  
  19  1:58  Queen  
  21  2:04  Overlord  
  21  2:25  Zergling x4  
  23  2:32  Overlord  
  23  2:37  Queen  
  23  2:38  Zergling x2  
  26  2:49  Zergling x2  
  27  2:55  Zergling x2  
  27  2:56  Queen  
  27  2:57  Zergling x2  
  30  3:04  Zergling x2  
  30  3:10  Zergling x2  
  31  3:12  Queen  
  31  3:18  Zergling x2  
  31  3:19  Zergling x2  
  33  3:21  Zergling x4  
  29  3:37  Zergling x4  
  29  3:38  Zergling x2  
  29  3:43  Zergling x2  
  29  3:44  Zergling x6  
  31  3:52  Zergling x4  
  26  4:04  Zergling x4  
  27  4:19  Zergling x2  
  27  4:23  Hatchery  
Tags
 
Add a new tag
Caveats
  • Supply blocks, unpowered buildings, or Contaminate may cause inaccurate times.
  • Supply counts are checked every 10 seconds.